 Dungeon Crawl Stone Soup version 0.27.0-1-g7a089689b8 (webtiles) character file.

Game seed: 14856304659366538383

119 gbaromhunter the Gusty (level 5, -12/28 HPs)
             Began as a Tengu Air Elementalist on Aug 3, 2021.
             Mangled by Crazy Yiuf (15 damage)
             ... on level 2 of the Dungeon on Aug 10, 2021.
             The game lasted 00:15:04 (3441 turns).

gbaromhunter the Gusty (Tengu Air Elementalist)     Turns: 3441, Time: 00:15:04

Health: -12/28     AC:  2    Str:  8 (9)  XL:     5   Next: 3%
Magic:  2/10       EV: 15    Int: 14 (16) God:
Gold:   86         SH:  0    Dex: 12 (14) Spells: 3/9 levels left

rFire    . . .     SeeInvis .   c - +0 dagger (speed)
rCold    . . .     Faith    .   (no shield)
rNeg     . . .     Spirit   .   a - +0 robe
rPois    .         Reflect  .   (helmet restricted)
rElec    .         Harm     .   (no cloak)
rCorr    +         Rampage  .   (no gloves)
Will     .....                  (boots unavailable)
Stlth    ++........             (no amulet)
HPRegen  0.09/turn              m - ring of resist corrosion
MPRegen  0.12/turn              (no ring)

@: flying quickly and evasively, very slightly contaminated, quick
A: beak, talons 3, nimble flight
a: no special abilities


You were on level 2 of the Dungeon.
You visited 1 branch of the dungeon, and saw 2 of its levels.

You collected 86 gold pieces.

Inventory:

Hand Weapons
 c - a +0 dagger of speed (weapon)
 e - a +1 dagger of draining
Armour
 a - a +0 robe (worn)
 k - a +0 buckler
Jewellery
 m - a ring of resist corrosion (left hand)
Scrolls
 b - a scroll of vulnerability {unknown}
 f - a scroll of magic mapping {unknown}
 g - 2 scrolls of identify {unknown}
 i - a scroll of enchant armour {unknown}
 l - a scroll of enchant weapon {unknown}
Potions
 h - a potion of resistance {unknown}
 j - a potion of might {unknown}


   Skills:
 + Level 0.2 Fighting
 + Level 0.6 Short Blades
 + Level 2.7 Dodging
 + Level 2.4 Stealth
 + Level 2.9 Spellcasting
 + Level 2.2 Conjurations
 + Level 5.4 Air Magic


You had 3 spell levels left.
You knew the following spells:

 Your Spells              Type           Power      Damage    Failure   Level
a - Shock                 Conj/Air       48%        1d6       4%          1
b - Static Discharge      Conj/Air       12%        N/A       7%          2
c - Swiftness             Air            17%        N/A       7%          3

Your spell library contained the following spells:

 Spells                   Type           Power      Damage    Failure   Level
 Pain                     Necr           8%         1d4       22%         1
 Airstrike                Air            8%         N/A       22%         4
 Agony                    Necr           2%         N/A       99%         5
 Excruciating Wounds      Necr           1%         N/A       99%         5


Dungeon Overview and Level Annotations

Branches:
Dungeon (2/15)

Altars:

Annotations:
D:2 Crazy Yiuf


Innate Abilities, Weirdness & Mutations

You have a beak for a mouth.
You have claws for feet.
Your magical nature lets you fly swiftly and evasively.


Message History

You reach down and open the door.
Aiming: Shock (safe; 4% risk of failure)
Press: ? - help, Q - select action, (/) - cycle Shift-Dir - straight line The zap hits Crazy Yiuf.
Crazy Yiuf is lightly wounded.
Crazy Yiuf screams, "Candle!
Buddy toodlewoodle forty-two."
Casting: Shock (safe; 4% risk of failure)
Confirm with . or Enter, or press ? or * to list all spells.
Crazy Yiuf is struck by an arc of lightning.
Crazy Yiuf is moderately wounded.
You are struck by an arc of lightning.
The lightning grounds out.
Crazy Yiuf closely misses you.
Casting: Static Discharge (safe; 7% risk of failure)
Confirm with . or Enter, or press ? or * to list all spells.
Crazy Yiuf is struck by an arc of lightning.
Crazy Yiuf is moderately wounded.
You are struck by an arc of lightning.
The lightning grounds out.
Crazy Yiuf hits you with a +4 quarterstaff of chaos!
You are confused.
You're too confused to cast spells.
You bump into the tree.
Crazy Yiuf misses you.
You're too confused to cast spells.
You're too confused to cast spells.
You bump into the tree.
You feel less confused.
Crazy Yiuf hits you with a +4 quarterstaff of chaos!
* * * LOW HITPOINT WARNING * * *
Crazy Yiuf burns you.
* * * LOW HITPOINT WARNING * * *
Casting: Static Discharge (safe; 7% risk of failure)
Confirm with . or Enter, or press ? or * to list all spells.
The spell is quite dangerous to cast (7% risk of failure)!
Continue anyway? [Y]es or [N]o only, please.
The spell is quite dangerous to cast (7% risk of failure)!
Continue anyway?
You miscast Swiftness.
You are very lightly contaminated with residual magic.
Nothing appears to happen.
Crazy Yiuf hits you with a +4 quarterstaff of chaos!
Ouch! That really hurt!
You die...

#.######.######..##(####..#
#.##( #.#...........##.##.#
#..# #.###
#.#......############ ##.#
#.# # #.#......# #.# #.# #
#.#......# #.# #.# #
#+######'##♣♣ ### #.# #.#
..........#P♣♣ ♣♣#..)# #.#
#.# ............P♣♣♣♣g'...#
#.# #.#
............P.♣.@♣#...# #.#
#.# ..........#..♣.♣♣♣ ###
#.# #.# .........##♣♣♣♣♣
#.###.### .........#
#.......[ #.#......#####
#######........
#.'..........#
#....#.........
###..........#
###..#.........
#..........# ##.#..###....
#..........# #.#....+....


You could see Crazy Yiuf.

Vanquished Creatures
  Robin (D:2)
  An adder (D:2)
  A gnoll (D:2)
  3 worms (D:2)
  2 dart slugs
  3 bats
  3 endoplasms (D:1)
  A giant cockroach (D:1)
  12 goblins
  6 hobgoblins
  9 jackals
  5 quokkas
  10 ball pythons
  6 frilled lizards
  2 kobolds (D:2)
  6 rats
71 creatures vanquished.

Notes
Turn   | Place    | Note
-------+----------+-------------------------------------------
     0 | D:1      | gbaromhunter the Tengu Air Elementalist began the quest for
                  | the Orb.
     0 | D:1      | Reached XP level 1. HP: 10/10 MP: 4/4
   197 | D:1      | Reached XP level 2. HP: 11/15 MP: 0/6
   591 | D:1      | Reached XP level 3. HP: 19/19 MP: 2/7
  1269 | D:1      | Found a faded altar of an unknown god.
  1502 | D:2      | Reached skill level 5 in Air Magic
  1849 | D:2      | Reached XP level 4. HP: 14/24 MP: 3/8
  2371 | D:2      | Noticed Robin
  2393 | D:2      | Killed Robin
  2583 | D:2      | Learned a level 2 spell: Static Discharge
  2587 | D:2      | Learned a level 3 spell: Swiftness
  2974 | D:2      | Gained mutation: Your magical nature lets you fly swiftly
                  | and evasively. [Tengu growth]
  2974 | D:2      | Reached XP level 5. HP: 28/28 MP: 1/10
  3202 | D:2      | Found a runed translucent door.
  3203 | D:2      | Noticed Crazy Yiuf
  3441 | D:2      | Mangled by Crazy Yiuf

Illustrated notes

Levels and vault maps discovered:
D:1:      dpeg_arrival_tiny_k, layout_loops_corners,
          dilly_ecumenical_altar_fadedgnrine
D:2:      minmay_spotlight, layout_basic, minmay_misc_feat_plants,
          minmay_domino_4, uniq_robin, uniq_crazy_yiuf_cottage

Skill      XL: |  1  2  3  4 |
---------------+-------------+-----
Air Magic      | 5 |  5.4
Conjurations   | 2 |  2.2
Fighting       | |  0.2
Short Blades   | |  0.6
Dodging        | |  2.7
Stealth        | |  2.4
Spellcasting   | |  2.9

Action                   |  1- 3 |  4- 6 || total
-------------------------+-------+-------++-------
Melee: Dagger            |    29 |    30 ||    59
       Kick              |     7 |     4 ||    11
       Peck              |     3 |     4 ||     7
 Cast: Shock             |    69 |    58 ||   127
       Static Discharge  |       |     2 ||     2
  Use: Potion            |       |     3 ||     3
Armor: Robe              |     6 |     4 ||    10
Dodge: Dodged            |    21 |    22 ||    43
